 Dungeon Sprint DCSS version 0.29-a0-320-g9f8742066b (webtiles) character file.

Game seed: 6819157936728414765

737 mhtbhm the Fighter (level 7, 0/70 HPs)
             Began as a Minotaur Berserker on Apr 2, 2022.
             Was a Priest of Trog.
             Succumbed to a water moccasin's poison
             ... in the Dungeon (Sprint II: "The Violet Keep of Menkaure").
             The game lasted 00:00:29 (334 turns).

mhtbhm the Fighter (Minotaur Berserker)              Turns: 334, Time: 00:00:29

Health: 0/70       AC:  2    Str: 22    XL:     7   Next: 46%
Magic:  6/6        EV: 13    Int:  4    God:    Trog [***...]
Gold:   486        SH:  0    Dex:  9    Spells: 6/6 levels left

rFire   . . .      SeeInvis .   a - +0 hand axe
rCold   . . .      Faith    .   (no shield)
rNeg    . . .      Spirit   .   b - +0 animal skin
rPois   .          Reflect  .   (helmet restricted)
rElec   .          Harm     .   (no cloak)
rCorr   .          Rampage  .   (no gloves)
Will    .....      NoTele   +   (no boots)
Stlth   +.........              (no amulet)
HPRegen 1.01/turn               (no ring)
MPRegen 0.10/turn               (no ring)

@: lethally poisoned (0 -> -24), on berserk cooldown, slowed, very slow
A: horns 2, retaliatory headbutt, frail 1, regeneration 1, weak 1
a: Renounce Religion, Berserk, Trog's Hand


You were in the Dungeon.
You worshipped Trog.
Trog was most pleased with you.
You visited 1 branch You collected 486 gold pieces.

Inventory:

Hand Weapons
 a - a +0 hand axe (weapon)
Armour
 b - a +0 animal skin (worn)
Scrolls
 h - a scroll of blinking
Potions
 c - a potion of curing
 d - a potion of heal wounds
 e - a potion of haste
 f - 2 potions of magic
 g - a potion of berserk rage


   Skills:
 + Level 12.7 Fighting
 + Level 12.7 Axes
 + Level 6.6 Armour
 + Level 6.6 Dodging
 + Level 0.3 Stealth


You had 6 spell levels left.
You didn't know any spells.
Your spell library was empty.

Dungeon Overview and Level Annotations

Branches:
Dungeon (1/1)

Altars:


Innate Abilities, Weirdness & Mutations

You have a pair of horns on your head.
You reflexively headbutt those who attack you in melee.
You are frail. (-10% HP)
Your natural rate of healing is unusually fast.
You are weak. (Str -2)


Message History

You hit the water moccasin. You headbutt the water moccasin.
The water moccasin is heavily wounded.
You feel sick. The water moccasin bites you.
You closely miss the water moccasin. You headbutt the water moccasin.
The water moccasin is severely wounded.
You feel sick. The water moccasin bites you.
You hit the water moccasin.
Your headbutt misses the water moccasin.
The water moccasin is severely wounded.
You feel sick. The water moccasin barely misses you. You furiously retaliate!
You headbutt the water moccasin. The water moccasin bites you.
You are more poisoned.
The water moccasin poisons you!
You hit the water moccasin.
Your headbutt misses the water moccasin.
The water moccasin is severely wounded.
You feel very sick. The water moccasin bites you.
You are more poisoned.
The water moccasin poisons you!
You miss the water moccasin.
Your headbutt misses the water moccasin.
The water moccasin is severely wounded.
You feel extremely sick. The water moccasin bites you.
* * * LOW HITPOINT WARNING * * *
The water moccasin bites you!
* * * LOW HITPOINT WARNING * * *
You hit the water moccasin.
Your headbutt misses the water moccasin.
The water moccasin is almost dead.
* * * LOW HITPOINT WARNING * * *
You feel very sick. The water moccasin bites you.
* * * LOW HITPOINT WARNING * * *
You are more poisoned.
The water moccasin poisons you!
You barely miss the water moccasin.
The water moccasin is almost dead.
You die...

≈≈≈.
##+##
#...##
#..##.#
####.##
#'##
##.##
+†S.+
##@##
##'##
##.#.##
#..#..#
###.###
#+#


You could see a water moccasin.

Vanquished Creatures
  4 neqoxecs (D)
  4 scorpions (D)
8 creatures vanquished.

Vanquished Creatures (others)
  Menkaure (D)
  A water moccasin (D)
2 creatures vanquished.

Grand Total: 10 creatures vanquished

Notes
Turn   | Place    | Note
-------+----------+-------------------------------------------
     0 | D        | mhtbhm the Minotaur Berserker began the quest for the Orb.
     0 | D        | Reached XP level 1. HP: 19/19 MP: 0/0
     1 | D        | Noticed a neqoxec
     1 | D        | Noticed a neqoxec
     4 | D        | Noticed a neqoxec
     6 | D        | Gained mutation: Your natural rate of healing is unusually
                  | fast. [a neqoxec]
    10 | D        | Killed a neqoxec
    11 | D        | Reached XP level 2. HP: 35/35 MP: 1/1
    11 | D        | Reached XP level 3. HP: 40/40 MP: 2/2
    11 | D        | Reached XP level 4. HP: 48/48 MP: 3/3
    15 | D        | Killed a neqoxec
    16 | D        | Reached skill level 10 in Fighting
    16 | D        | Reached skill level 10 in Axes
    16 | D        | Reached skill level 5 in Armour
    16 | D        | Reached XP level 5. HP: 58/58 MP: 4/4
    17 | D        | Gained mutation: You are frail. (-10% HP) [a neqoxec]
    18 | D        | Killed a neqoxec
    18 | D        | Reached ** piety under Trog
    19 | D        | Reached skill level 5 in Dodging
    19 | D        | Reached XP level 6. HP: 61/61 MP: 5/5
    48 | D        | Killed Menkaure
    82 | D        | Killed a water moccasin
   294 | D        | Noticed a neqoxec
   304 | D        | Gained mutation: You are weak. (Str -2) [a neqoxec]
   305 | D        | Killed a neqoxec
   306 | D        | Reached XP level 7. HP: 67/67 MP: 6/6
   306 | D        | Reached *** piety under Trog
   334 | D        | Succumbed to a water moccasin's poison

Illustrated notes

Levels and vault maps discovered:
D:        the_violet_keep_of_menkaure [sprint2_stairs_cluster_1,
          sprint2_shoproom, sprint2_temple, sprint2_basic_supplies,
          sprint2_obstacle_6, sprint2_obstacle_3, sprint2_obstacle_7,
          sprint2_obstacle_5, sprint2_obstacle_4, sprint2_timed_cluster_1,
          sprint2_smallroom_cluster_1, sprint2_smallroom_final_cluster_1,
          sprint2_transparent_cluster_1, sprint2_second_timed_cluster_1,
          sprint2_sniper_area_1, sprint2_heavy_combat_area_1,
          sprint2_mutation_trap_area_1, sprint2_forest_area_1,
          sprint2_light_combat_area_1, sprint2_behind_water_1,
          sprint2_near_end_vault_1]

Skill      XL: |  1  2  3  4  5  6  7 |
---------------+----------------------+-----
Fighting       | 8 10 11 12 | 12.7
Axes           | 8 10 11 12 | 12.7
Armour         | 4 5 6 |  6.6
Dodging        | 3 4 5 6 |  6.6
Stealth        | |  0.3

Action                   |  1- 3 |  4- 6 |  7- 9 || total
-------------------------+-------+-------+-------++-------
Melee: Hand axe          |     8 |    16 |    19 ||    43
       Headbutt          |     1 |     4 |     3 ||     8
Invok: Berserk           |     1 |     1 |       ||     2
Dodge: Dodged            |     1 |     9 |     9 ||    19

Table legend: (Time is in decaauts)
 A = Elapsed time spent in this place.
 B = Non-inter-level travel time spent in this place.
 C = Inter-level travel time spent in this place.
 D = Time resting spent in this place.
 E = Time spent auto-exploring this place.
 F = Levels seen in this place.
 G = Mean time per level.
                   A        B        C        D        E       F      G
               +--------+--------+--------+--------+--------+-----+--------+
         Total |    340 |    340 |      0 |    276 |      0 |   1 |  340.0 |
       Dungeon |    340 |    340 |      0 |    276 |      0 |   1 |  340.0 |
               +--------+--------+--------+--------+--------+-----+--------+

Top non-repeatable levels by time:
       D: 340 daAuts
